 Dungeon Crawl Stone Soup version 0.28.0-43-g3370ac3207 (webtiles) character file.

Game seed: 15169716731443680109

153 mortz the Conjurer (level 5, -2/36 HPs)
             Began as a Human Conjurer on Mar 2, 2022.
             Slain by an iguana (11 damage)
             ... on level 4 of the Dungeon.
             The game lasted 00:20:34 (3830 turns).

mortz the Conjurer (Human Conjurer)                 Turns: 3830, Time: 00:20:35

Health: -2/36      AC:  7    Str:  7    XL:     5   Next: 61%
Magic:  0/8        EV: 11    Int: 20    God:
Gold:   31         SH:  5    Dex: 12    Spells: 6/9 levels left

rFire   . . .      SeeInvis .   y - +2 spear (vorpal) {polearm}
rCold   . . .      Faith    .   (no shield)
rNeg    + . .      Spirit   .   d - +0 leather armour
rPois   +          Reflect  +   p - +0 helmet
rElec   .          Harm     .   u - +2 cloak
rCorr   .          Rampage  .   (no gloves)
Will    .....                   (no boots)
Stlth   ++........              E - amulet of reflection
HPRegen 0.12/turn               f - ring of positive energy
MPRegen 0.11/turn               q - ring of poison resistance

@: no status effects
A: no striking features
a: no special abilities


You were on level 4 of the Dungeon.
You visited 1 branch of the dungeon, and saw 4 of its levels.

You collected 152 gold pieces.
You spent 121 gold pieces at shops.


   Skills:
 + Level 0.4 Fighting
 + Level 0.1 Short Blades
 + Level 1.2 Maces & Flails
 + Level 1.4 Armour
 + Level 2.1 Dodging
 + Level 2.7 Stealth
 + Level 2.5 Spellcasting
 + Level 5.2 Conjurations


You had 6 spell levels left.
You knew the following spells:

 Your Spells              Type           Power      Damage    Failure   Level
a - Magic Dart            Conj           92%        1d7       2%          1
b - Searing Ray           Conj           46%        2d6       3%          2

Your spell library contained the following spells:

 Spells                   Type           Power      Damage    Failure   Level
 Static Discharge         Conj/Air       12%        N/A       12%         2
 Dazzling Flash           Conj/Hex       24%        N/A       22%         3
 Fulminant Prism          Conj/Hex       6%         3d7       58%         4
 Iskenderun's Mystic Bla  Conj/Tloc      12%        2d5       58%         4
 Sticky Flame             Conj/Fire      12%        2d4       58%         4
 Dispel Undead            Necr           2%         3d7       91%         4

Inventory:

Hand Weapons
 s - a +1 dagger of venom {short}
   (You took it off a goblin on level 2 of the Dungeon)
 y - a +2 vorpal spear (weapon) {polearm}
   (You found it on level 4 of the Dungeon)
Missiles
 e - 7 poisoned darts {throwing}
 r - 7 boomerangs {throwing}
Armour
 a - a +0 robe
 d - a +0 leather armour (worn)
   (You found it on level 2 of the Dungeon)
 i - a +0 chain mail
   (You found it on level 1 of the Dungeon)
 k - a +0 plate armour
   (You found it on level 1 of the Dungeon)
 m - a +0 ring mail
   (You found it on level 2 of the Dungeon)
 p - a +0 helmet (worn)
   (You found it on level 2 of the Dungeon)
 u - a +2 cloak (worn)
   (You found it on level 3 of the Dungeon)
Jewellery
 f - a ring of positive energy (left hand)
   (You found it on level 1 of the Dungeon)
 q - a ring of poison resistance (right hand)
   (You found it on level 1 of the Dungeon)
 E - an amulet of reflection (around neck)
   (You found it on level 4 of the Dungeon)
Scrolls
 b - 2 scrolls of enchant armour {unknown}
 c - 2 scrolls of teleportation {unknown}
 g - 3 scrolls of identify {unknown}
 h - 2 scrolls of blinking {unknown}
 j - a scroll of noise {unknown}
 w - a scroll of amnesia {unknown}
 z - a scroll of immolation {unknown}
 B - a scroll of fog {unknown}
 D - a scroll of fear {unknown}
 F - a scroll of enchant weapon {unknown}
Potions
 l - 2 potions of cancellation {unknown}
 n - 2 potions of curing {@q1}
 o - 3 potions of heal wounds {unknown}
 t - a potion of might {unknown}
 v - a potion of magic
 x - a potion of ambrosia {unknown}
 A - a potion of degeneration {unknown}
 C - a potion of invisibility {unknown}

Dungeon Overview and Level Annotations

Branches:
Dungeon (4/15)
 Temple: D:4-7

Altars:

Shops:
D:1

:! .## ## # ##### # #....[
######## ###...!..
####......#####........
####..††..................
......#####>........>.....
...#### ###...@l........
..## ##............ .##
###.#######.. .## ### .
..## ...## ###### #...##
##....# ###..## #.....##
###.## ##......##


You could see an iguana.


Message History

You start putting on your amulet.
You continue putting on your amulet of reflection. x5
You finish putting on your amulet of reflection.
You feel a shielding aura gather around you.
E - an amulet of reflection (around neck)
F - a scroll labelled ONAIGULEGO 😎 MP[+1]
Your mp is fully restored (7).
You see here a giant cockroach corpse.
You see here 11 stones {throwing}.
You see here 18 sling bullets.
You now have 31 gold pieces (gained 8).
You see here 18 sling bullets.
You see here 11 stones {throwing}.
A scorpion comes into view.
A ball python comes into view.
Found a stone staircase leading down.
Casting: Magic Dart (safe; 2% risk of failure)
Confirm with . or Enter, or press ? or * to list all spells.
Aiming: Searing Ray (safe; 4% risk of failure)
Press: ? - help, Shift-Dir - straight line, f - scorpion
Aim: a scorpion (78% to hit)
The searing ray hits the scorpion! (Press . to maintain the ray.) 😎 MP[-2]
You lost 2 mp, and now have 5/7 mp.
The searing ray misses the scorpion. 😎 MP[-1]
You lost 1 mp, and now have 4/7 mp.
The searing ray hits the scorpion!
You kill the scorpion!
You have reached level 5! 😎 HP[+6] MP[-1]
You now have 36 max hp (+6).
Your hp is fully restored (36).
You start resting. 😎 MP[+5]
Your mp is fully restored (8).
The ball python hisses angrily.
You see here a scorpion corpse.
You completely miss the ball python. You block the ball python's attack.
The ball python grabs you. The ball python constricts you.
You barely miss the ball python. The ball python closely misses you.
The ball python constricts you.
You hit the ball python. The ball python barely misses you.
The ball python constricts you. You block the ball python's attack.
The ball python constricts you. 😕 HP[-1]
You take 1 damage, and now have 35/36 hp.
You hit the ball python.
You kill the ball python!
You see here a ball python corpse.
Found a stone staircase leading down. 😎 HP[+1]
Your hp is fully restored (36).
An iguana comes into view.
Casting: Searing Ray (safe; 3% risk of failure)
Confirm with . or Enter, or press ? or * to list all spells.
Aiming: Searing Ray (safe; 3% risk of failure)
Press: ? - help, Shift-Dir - straight line, f - iguana
Aim: an iguana (81% to hit)
The searing ray hits the iguana. (Press . to maintain the ray.) 😎 MP[-2]
You lost 2 mp, and now have 6/8 mp.
The searing ray hits the iguana. 😎 MP[-1]
You lost 1 mp, and now have 5/8 mp.
The searing ray hits the iguana.
The iguana bites you! 😮 HP[-10] MP[-1]
You take 10 damage, and now have 26/36 hp.
MASSIVE DAMAGE!! (PAUSE)
You lost 1 mp, and now have 4/8 mp.
The searing ray hits the iguana.
You finish channelling your searing ray.
The iguana bites you!
* * * LOW HITPOINT WARNING * * *
😨 HP[-9] MP[-1]
You take 9 damage, and now have 17/36 hp.
MASSIVE DAMAGE!! (PAUSE)
You lost 1 mp, and now have 3/8 mp.
Casting: Searing Ray (safe; 3% risk of failure)
Confirm with . or Enter, or press ? or * to list all spells.
Aiming: Searing Ray (safe; 3% risk of failure)
Press: ? - help, Shift-Dir - straight line, f/p - iguana
Aim: an iguana (moderately wounded, 81% to hit)
The searing ray hits the iguana. (Press . to maintain the ray.)
You block the iguana's attack. 😨 MP[-2]
You lost 2 mp, and now have 1/8 mp.
The searing ray hits the iguana.
The iguana bites you!
* * * LOW HITPOINT WARNING * * *
😱 HP[-8] MP[-1]
You take 8 damage, and now have 9/36 hp.
MASSIVE DAMAGE!! (PAUSE)
You lost 1 mp, and now have 0/8 mp.
Without enough magic to sustain it, your searing ray dissipates.
The iguana bites you!
You die...

Skill      XL: |  1  2  3  4 |
---------------+-------------+-----
Maces & Flails | 1 |  1.2
Conjurations   | 5 |  5.2
Armour         | 1 |  1.4
Fighting       | |  0.4
Short Blades   | |  0.1
Dodging        | |  2.1
Stealth        | |  2.7
Spellcasting   | |  2.5

Action                   |  1- 3 |  4- 6 || total
-------------------------+-------+-------++-------
Melee: Club              |    30 |       ||    30
       Dagger            |       |     9 ||     9
       Spear             |       |     4 ||     4
 Cast: Magic Dart        |    33 |    39 ||    72
       Searing Ray       |     5 |     8 ||    13
Armor: Robe              |     1 |       ||     1
       Plate armour      |    31 |       ||    31
       Leather armour    |       |     6 ||     6
Dodge: Dodged            |     7 |    11 ||    18
Block: Other             |       |     3 ||     3

Levels and vault maps discovered:
D:1:      sevenhm_arrival_forest_fort_large_4, layout_loops_corners,
          serial_shops, shop, nicolae_shop_waterfront, minmay_vboxes
D:2:      cheibrodos_old_hovel, layout_basic, grunt_ministairs_14
D:3:      layout_rooms, chequers_serial_rivers_small_3,
          minmay_misc_feat_more_columns, grunt_decor_one_mirror, minivault_14,
          kennysheep_boxes
D:4:      layout_layer_cave

Notes
Turn   | Place    | Note
-------+----------+-------------------------------------------
     0 | D:1      | mortz the Human Conjurer began the quest for the Orb.
     0 | D:1      | Reached XP level 1. HP: 13/13 MP: 3/3
     0 | D:1      | magus.rc [v1.9.6]
   283 | D:1      | Reached XP level 2. HP: 19/19 MP: 0/5
   286 | D:1      | Learned a level 2 spell: Searing Ray
   407 | D:1      | Found Ipitock's Distillery.
   569 | D:1      | HP: 4/19 [quokka (1)]
  1022 | D:1      | Bought a potion of curing for 33 gold pieces
  1122 | D:1      | Found Xeuluff's Book Shoppe.
  1566 | D:2      | Reached XP level 3. HP: 15/24 MP: 1/6
  1971 | D:2      | Reached skill level 1 in Maces & Flails
  2062 | D:2      | Reached XP level 4. HP: 30/30 MP: 5/7
  2545 | D:3      | Reached skill level 5 in Conjurations
  3105 | D:1      | Bought a potion of magic for 88 gold pieces
  3387 | D:3      | Reached skill level 1 in Armour
  3510 | D:4      | You pick up a book of Touch and begin reading...
  3510 | D:4      | You add the spells Static Discharge, Sticky Flame and
                  | Dispel Undead to your library.
  3745 | D:4      | Noticed a scorpion
  3749 | D:4      | Killed a scorpion
  3750 | D:4      | Reached XP level 5. HP: 36/36 MP: 3/8
  3829 | D:4      | HP: 9/36 [iguana (8)]
  3830 | D:4      | Slain by an iguana

Vanquished Creatures
  A scorpion (D:4)
  3 adders
  A worm (D:2)
  2 dart slugs
  2 orcs (D:3)
  6 ball pythons
  3 bats
  2 endoplasms
  4 giant cockroaches
  4 hobgoblins
  4 jackals (D:2)
  7 quokkas
  3 frilled lizards
  8 goblins
  2 kobolds
  3 rats
55 creatures vanquished.

Vanquished Creatures (others)
  33 plants
33 creatures vanquished.

Grand Total: 88 creatures vanquished

Table legend:
 A = Non-vault XP
 B = Vault XP
 C = Vault XP percentage of total XP
 D = Non-vault monster count
 E = Vault monster count
 F = Vault count percentage of total count
                 A         B        C        D         E       F
            +---------+---------+-------+---------+---------+-------
      Total |     210 |       9 |   4.1 |      47 |       8 |  14.5
            +---------+---------+-------+---------+---------+-------
        D:1 |      15 |       5 |  25.0 |       8 |       5 |  38.5
        D:2 |      67 |       4 |   5.6 |      21 |       3 |  12.5
        D:3 |      37 |       0 |   0.0 |      12 |       0 |   0.0
        D:4 |      91 |       0 |   0.0 |       6 |       0 |   0.0
            +---------+---------+-------+---------+---------+-------

Illustrated notes

Table legend:
 A = Kills in this place as a percentage of kills in entire the game.
 B = Kills by you in this place as a percentage of kills by you in the entire game.
 C = Kills by friends in this place as a percentage of kills by friends in the entire game.
 D = Other kills in this place as a percentage of other kills in the entire game.
 E = Experience gained in this place as a percentage of experience gained in the entire game.
 F = Experience gained in this place divided by the number of levels of this place that you have seen.
                   A       B       C       D       E      F
               +-------+-------+-------+-------+-------+----------------------
         Total | 100.0 | 100.0 |   N/A |   N/A | 100.0 |  54.8
       Dungeon | 100.0 | 100.0 |   N/A |   N/A | 100.0 |  54.8
               +-------+-------+-------+-------+-------+----------------------

Table legend: (Time is in decaauts)
 A = Elapsed time spent in this place.
 B = Non-inter-level travel time spent in this place.
 C = Inter-level travel time spent in this place.
 D = Time resting spent in this place.
 E = Time spent auto-exploring this place.
 F = Levels seen in this place.
 G = Mean time per level.
                   A        B        C        D        E       F      G
               +--------+--------+--------+--------+--------+-----+--------+
         Total |   3842 |   3588 |    254 |   1219 |   1821 |   4 |  960.5 |
       Dungeon |   3842 |   3588 |    254 |   1219 |   1821 |   4 |  960.5 |
               +--------+--------+--------+--------+--------+-----+--------+

Top non-repeatable levels by time:
     D:1: 1463 daAuts
     D:2: 1156 daAuts
     D:3: 895 daAuts
     D:4: 326 daAuts
